Selects Luftwaffe Battlegroup
Selects Luftwaffe Pioneer Support
Construct Infanterie Kompanie
Selects Flak 38 Anti-Air Emplacement
Infanterie Officer Quarters
Selects Stuka Strafing Run
Fallschirmpioneer Squad Paradrop
Construct Luftwaffe Kompanie
Fallschirmpioneer Squad Paradrop
Selects Fallschirmjäger Squad Paradrop
Construct Panzergrenadier Kompanie
Luftwaffe Officer Quarters
Selects Flak 36 Anti-tank Gun Emplacement
Panzergrenadier Officer Quarters
Fallschirmjäger Squad Paradrop
Selects Fragmentation Bombs